[Event "Titled Tuesday Blitz June 29 2021"]
[White "DLR7"]
[Black "GMKrikor"]
[WhiteElo "2635"]
[BlackElo "2768"]
[Result "1-0"]
[Round "11"]
[TimeControl "180+1"]
[Date "2021.06.29"]
[WhiteClock "0:00:34"]
[BlackClock "0:00:04"]

1. e4 c5 2. Nf3 g6 3. d4 cxd4 4. Qxd4 Nf6 5. Nc3 Nc6 6. Qa4 d6 7. e5 dxe5 8. Nxe5 Qd4 9. Nxc6 Qxa4 10. Nxa4 bxc6 11. Be3 Nd5 12. Bc5 Bh6 13. Bd3 O-O 14. O-O Re8 15. c4 Nf4 16. Be4 Bb7 17. Rfe1 f5 18. Bc2 e5 19. Rad1 e4 20. Be3 g5 21. Nc5 Bc8 22. Ba4 Rb8 23. Bxc6 Rf8 24. b3 Bg7 25. Bxf4 gxf4 26. Bd5+ Kh8 27. Ne6 Bxe6 28. Bxe6 Rbe8 29. Bd7 Re7 30. Rd5 Be5 31. Kf1 Kg7 32. c5 Kg6 33. c6 Bc7 34. h4 Rf6 35. b4 Re5 36. Red1 f3 37. Rxe5 Bxe5 38. gxf3 exf3 39. Rd3 Bc7 40. Rxf3 f4 41. Kg2 Kh5 42. Kh3 Rd6 43. Bg4+ Kh6 44. Rxf4 Rd3+ 45. Rf3 Rd2 46. a3 Rc2 47. Bd7 Bb6 48. Kg3 Kg7 49. Kf4 Bc7+ 50. Ke4 Bb6 51. Ke5 Bc7+ 52. Kd5 Rd2+ 53. Kc4 Rc2+ 54. Kb5 Kg6 55. Ka6 Bb6 56. Kb7 Kh5 57. a4 Kxh4 58. a5 Bd8 59. Rf8 Be7 60. Rf4+ Kg5 61. Rg4+ Kf6 62. c7 Bxb4 63. Rxb4 1-0


[Site "https://www.chess.com"]

[Event "Titled Tuesday Blitz June 29 2021"]
[White "Das_Virus_2020"]
[Black "SergeyShtyka"]
[WhiteElo "2555"]
[BlackElo "2423"]
[Result "1-0"]
[Round "11"]
[TimeControl "180+1"]
[Date "2021.06.29"]
[WhiteClock "0:00:09"]
[BlackClock "0:00:24"]

1. e4 c5 2. c3 d5 3. exd5 Qxd5 4. d4 Nf6 5. Nf3 e6 6. Be2 cxd4 7. cxd4 Nc6 8. O-O Be7 9. Nc3 Qd6 10. Nb5 Qb8 11. Be3 a6 12. Nc3 O-O 13. Rc1 Qd6 14. Qd2 b5 15. Bf4 Qd7 16. Ne5 Nxe5 17. dxe5 Qxd2 18. Bxd2 Nd7 19. Bf3 Rb8 20. Bf4 Bb7 21. Ne4 Bxe4 22. Bxe4 Nc5 23. Bb1 Rfd8 24. Rfd1 Na4 25. Rxd8+ Rxd8 26. b3 Nc3 27. Kf1 Nd5 28. Bd2 Bb4 29. Bg5 f6 30. exf6 gxf6 31. Bh4 h5 32. Be4 Kf7 33. Bf3 Kg6 34. Bg3 Nc3 35. a3 Ba5 36. b4 Na2 37. Rc6 Bxb4 38. axb4 Nxb4 39. Rxe6 a5 40. Rb6 a4 41. Rxb5 Na2 42. Bxh5+ Kg7 43. Bf3 Nc3 44. Ra5 Kg6 45. h4 f5 46. Kg1 Rd2 47. Be5 Ne2+ 48. Kh2 Nc1 49. h5+ Kg5 50. Rxa4 Nd3 51. Bg3 Nxf2 52. Bf4+ Kh4 53. g3# 1-0


[Site "https://www.chess.com"]

[Event "Titled Tuesday Blitz June 29 2021"]
[White "DenLaz"]
[Black "Skat2704"]
[WhiteElo "2845"]
[BlackElo "2665"]
[Result "0-1"]
[Round "11"]
[TimeControl "180+1"]
[Date "2021.06.29"]
[WhiteClock "0:01:11"]
[BlackClock "0:01:08"]

1. d4 d5 2. c4 e6 3. Nf3 Nf6 4. Nc3 Be7 5. Bg5 h6 6. Bxf6 Bxf6 7. e3 O-O 8. Rc1 b6 9. cxd5 exd5 10. Bd3 Bb7 11. O-O c5 12. b3 Nd7 13. Na4 Rc8 14. Bf5 g6 15. Bh3 cxd4 16. Rxc8 Bxc8 17. Nxd4 Nc5 18. Bxc8 Qxc8 19. Nc3 Rd8 20. Nce2 Qb7 21. Qc2 Ne4 22. Rc1 Bxd4 23. Nxd4 Nd6 24. Qc6 Rc8 25. Qxc8+ Nxc8 26. h3 Ne7 27. Nb5 Nf5 28. Rc7 Qa6 29. a4 Qa5 30. Nc3 d4 31. exd4 Nxd4 0-1


[Site "https://www.chess.com"]

[Event "Titled Tuesday Blitz June 29 2021"]
[White "ElviraBerend"]
[Black "Mikhail_Bryakin"]
[WhiteElo "2501"]
[BlackElo "2736"]
[Result "1-0"]
[Round "11"]
[TimeControl "180+1"]
[Date "2021.06.29"]
[WhiteClock "0:00:44"]
[BlackClock "0:01:36"]

1. e4 d6 2. d4 g6 3. Nc3 Bg7 4. f4 Nf6 5. Nf3 c5 6. d5 e6 7. dxe6 Bxe6 8. Bb5+ Nc6 9. O-O O-O 10. Bxc6 bxc6 11. f5 gxf5 12. exf5 Bxf5 13. Nh4 Bg6 14. Nf5 Bxf5 15. Rxf5 Qd7 16. Qf3 Qe6 17. Bd2 Nd7 18. Rf1 Ne5 19. Qh3 Ng6 20. Qh5 d5 21. Bh6 f6 22. Bxg7 Kxg7 23. R5f3 Rae8 24. Rh3 Rh8 25. Qh6+ Kg8 26. Kh1 d4 27. Na4 Qe5 28. b3 f5 29. Rg3 Re6 30. Rgf3 f4 31. Nb2 Qg7 32. Qh3 Qf6 33. Nd3 Kg7 34. Nxc5 Re3 35. Qd7+ Kh6 36. Rh3+ Rxh3 37. Qxh3+ Kg7 38. Qd7+ Kh6 39. Qh3+ Kg7 40. Qd7+ Kg8 41. Ne6 h5 42. Qxc6 Kh7 43. Qd5 Kh6 44. Nxd4 Rd8 45. Nf5+ Kg5 46. Nd6+ Kh4 47. g3+ Kg4 48. Qf3+ Kg5 49. Ne4+ Kh6 50. Nxf6 1-0


[Site "https://www.chess.com"]

[Event "Titled Tuesday Blitz June 29 2021"]
[White "Etud-otradnoe"]
[Black "NiranjanNavalgund"]
[WhiteElo "2311"]
[BlackElo "2432"]
[Result "1-0"]
[Round "11"]
[TimeControl "180+1"]
[Date "2021.06.29"]
[WhiteClock "0:00:02"]
[BlackClock "0:01:39"]

1. e4 e5 2. Nf3 Nc6 3. Bb5 g6 4. d4 exd4 5. Bg5 Be7 6. Bf4 Nf6 7. e5 Nd5 8. Bh6 Bf8 9. Bxf8 Kxf8 10. Bxc6 dxc6 11. Qxd4 Be6 12. Nbd2 b6 13. O-O-O c5 14. Qe4 Kg7 15. Nc4 c6 16. h4 h6 17. h5 Qe7 18. Nd6 Rad8 19. c4 f5 20. Qc2 Nb4 21. Qb3 g5 22. a3 Na6 23. Qa4 Nb8 24. Qc2 Rhf8 25. g4 fxg4 26. Qg6+ Kh8 27. Qxh6+ Kg8 28. Qg6+ Kh8 29. Nxg5 Bg8 30. Qh6+ Bh7 31. Rhg1 Rd7 32. Rxg4 Qg7 33. Ngf7+ Qxf7 34. Nxf7+ Rdxf7 35. Rdg1 Nd7 36. Rg7 Nf6 37. exf6 Rxg7 38. Qxg7# 1-0


[Site "https://www.chess.com"]

[Event "Titled Tuesday Blitz June 29 2021"]
[White "FMJoseHerrera"]
[Black "Alexa797"]
[WhiteElo "2569"]
[BlackElo "2396"]
[Result "1/2-1/2"]
[Round "11"]
[TimeControl "180+1"]
[Date "2021.06.29"]
[WhiteClock "0:00:15"]
[BlackClock "0:00:56"]

1. Nf3 e6 2. g3 Nf6 3. Bg2 d5 4. d3 Be7 5. O-O O-O 6. c4 b6 7. Nc3 Bb7 8. cxd5 Nxd5 9. Qc2 c5 10. Bd2 Nd7 11. Rac1 N7f6 12. Qb1 Rc8 13. Rfd1 Qc7 14. a3 Qb8 15. Ne4 Qa8 16. Nfg5 h6 17. Nxf6+ Nxf6 18. Nf3 Rfd8 19. b4 cxb4 20. Bxb4 Nd5 21. Bxe7 Nxe7 22. Qb4 Nf5 23. Qf4 Rxc1 24. Rxc1 Rc8 25. Rxc8+ Qxc8 26. Ne5 Bxg2 27. Kxg2 Qb7+ 28. Qf3 Qxf3+ 29. Kxf3 Kf8 30. Nc6 a6 31. e4 Nd6 32. Nb8 Nb5 33. a4 Nc3 34. Nd7+ Ke7 35. Nxb6 Kd6 36. Nc4+ Kc5 37. a5 Kd4 38. Nd6 Kxd3 39. Nxf7 Nxe4 40. Nd8 Nc5 41. Kf4 Kd4 42. Nc6+ Kd5 43. Ne5 Nb3 44. Nd3 Nxa5 45. Nb4+ Kd4 46. Nxa6 Nc6 47. Nc7 e5+ 48. Kf5 e4 49. Ne6+ Kd3 50. Nf4+ Kd2 51. Kxe4 Ke1 52. Kf3 Ne5+ 53. Ke4 Ng4 54. Nd3+ Kf1 55. h3 Nxf2+ 56. Nxf2 Kxf2 57. Kf4 g6 58. h4 Kg2 59. g4 Kh3 60. g5 hxg5+ 61. Kxg5 Kg3 62. Kxg6 Kxh4 1/2-1/2


[Site "https://www.chess.com"]

[Event "Titled Tuesday Blitz June 29 2021"]
[White "FairChess_on_YouTube"]
[Black "Alexander_Donchenko"]
[WhiteElo "2982"]
[BlackElo "2865"]
[Result "1/2-1/2"]
[Round "11"]
[TimeControl "180+1"]
[Date "2021.06.29"]
[WhiteClock "0:00:14"]
[BlackClock "0:00:13"]

1. e4 c5 2. Nc3 d6 3. Nge2 Nf6 4. h3 Nc6 5. g4 Rb8 6. Bg2 b5 7. d4 cxd4 8. Nxd4 Nxd4 9. Qxd4 b4 10. Nd5 Nxd5 11. exd5 Qb6 12. Be3 Qxd4 13. Bxd4 a5 14. O-O-O h5 15. g5 h4 16. Be4 Rh5 17. f4 g6 18. c4 Rh7 19. c5 dxc5 20. Be5 Rb6 21. Bc7 Ra6 22. Bd3 Ra7 23. Bb6 Rb7 24. Bxa5 Bg7 25. Ba6 Ra7 26. Bxc8 Rxa5 27. d6 Rxa2 28. dxe7 Ra1+ 29. Kc2 Rxd1 30. Rxd1 Kxe7 31. Rd7+ Ke8 32. Rc7 Bd4 33. b3 Kd8 34. Rc6 Rh8 35. Bg4 Re8 36. Rc8+ Ke7 37. Rxe8+ Kxe8 38. Kd3 Ke7 39. Ke4 Kd6 40. Be2 Ke7 41. Bc4 f6 42. gxf6+ Kxf6 43. Kf3 g5 44. Kg4 gxf4 45. Kxf4 Kg6 46. Kg4 Bf2 47. Bd3+ 1/2-1/2


[Site "https://www.chess.com"]

[Event "Titled Tuesday Blitz June 29 2021"]
[White "GM_Crest"]
[Black "Jospem"]
[WhiteElo "2818"]
[BlackElo "2948"]
[Result "1-0"]
[Round "11"]
[TimeControl "180+1"]
[Date "2021.06.29"]
[WhiteClock "0:01:09"]
[BlackClock "0:00:09"]

1. d4 Nf6 2. c4 e6 3. Nc3 Bb4 4. e3 O-O 5. Ne2 d5 6. a3 Be7 7. cxd5 exd5 8. Nf4 c6 9. Bd3 Bd6 10. O-O b6 11. f3 Bxf4 12. exf4 Ba6 13. f5 Bxd3 14. Qxd3 Nbd7 15. Bf4 c5 16. Rad1 c4 17. Qd2 a6 18. g4 Nb8 19. Be5 Ne8 20. Qg2 f6 21. Bg3 Nc6 22. Rfe1 Qd7 23. Re6 Rd8 24. Qe2 b5 25. Qe3 g6 26. fxg6 hxg6 27. Re1 Ng7 28. Rd6 Qxd6 29. Bxd6 Rxd6 30. Qf4 Rd7 31. h4 Kf7 32. h5 gxh5 33. gxh5 Ne7 34. Kf2 Rh8 35. h6 Ne6 36. Qg4 Rd6 37. Rxe6 1-0


[Site "https://www.chess.com"]

[Event "Titled Tuesday Blitz June 29 2021"]
[White "GM_dmitrij"]
[Black "Hikaru"]
[WhiteElo "2914"]
[BlackElo "3155"]
[Result "0-1"]
[Round "11"]
[TimeControl "180+1"]
[Date "2021.06.29"]
[WhiteClock "0:00:03"]
[BlackClock "0:00:21"]

1. e4 d5 2. exd5 Qxd5 3. Nc3 Qa5 4. d4 c6 5. Bc4 Bf5 6. Bd2 e6 7. Nf3 Nf6 8. Nd5 Qd8 9. Nxf6+ gxf6 10. Qe2 Nd7 11. d5 cxd5 12. Bxd5 Qb6 13. Bb3 Nc5 14. O-O Nxb3 15. axb3 Bc5 16. c3 Qxb3 17. Ra5 b6 18. Rb5 Qc2 19. Rxc5 Bd3 20. Qe3 Bxf1 21. Rc7 Bb5 22. Nd4 Qb1+ 23. Be1 Qd3 24. Nxb5 Qxb5 25. Qd4 O-O 26. Qxf6 Qf5 27. Qh4 Rad8 28. Rc4 Rd1 29. Re4 Kh8 30. f3 Rg8 31. Qf2 Qc5 32. Re3 Rgd8 33. h4 R8d3 34. Re2 Qxf2+ 35. Kxf2 Rb1 36. c4 Kg8 37. Bc3 Rbd1 38. Re5 h6 39. Rh5 Kh7 40. Re5 Rh1 41. Kg3 Rd8 42. c5 Rg8+ 43. Kf2 Rh2 44. cxb6 axb6 45. Rb5 Rgxg2+ 46. Ke3 Rxh4 47. Rxb6 Rg8 48. Rb7 Kg6 49. b4 Rc4 50. Bd4 Rd8 51. Bc5 h5 52. Kf2 h4 53. Kg2 Rd2+ 54. Kh3 Rd3 55. Kg2 Rc2+ 0-1


[Site "https://www.chess.com"]

[Event "Titled Tuesday Blitz June 29 2021"]
[White "GOGIEFF"]
[Black "TigrVShlyape"]
[WhiteElo "2986"]
[BlackElo "2850"]
[Result "1/2-1/2"]
[Round "11"]
[TimeControl "180+1"]
[Date "2021.06.29"]
[WhiteClock "0:00:19"]
[BlackClock "0:00:20"]

1. d4 d5 2. c4 c6 3. Nc3 Nf6 4. cxd5 cxd5 5. Bg5 e6 6. e3 Nc6 7. Bd3 h6 8. Bh4 Be7 9. f4 Ne4 10. Bxe7 Nxc3 11. bxc3 Qxe7 12. Nf3 Bd7 13. O-O O-O 14. Ne5 Nxe5 15. fxe5 f6 16. exf6 Rxf6 17. Rxf6 Qxf6 18. Qg4 Rf8 19. Rf1 Qg5 20. Qxg5 Rxf1+ 21. Kxf1 hxg5 22. e4 dxe4 23. Bxe4 b6 24. c4 Kf7 25. Kf2 e5 26. Ke3 Ke6 27. c5 exd4+ 28. Kxd4 bxc5+ 29. Kxc5 Ke5 30. Bc6 Be6 31. a4 Bb3 32. a5 Be6 33. g3 Bb3 34. Bg2 Ba4 35. Bf1 Be8 36. Bb5 Bg6 37. Bd7 Be4 38. Bc6 Bd3 39. Bb7 Be2 40. Kc6 Bc4 41. Kc7 Bd3 42. Kb8 Kd6 43. Kxa7 Kc7 44. Ba6 Be4 45. Bc4 Bb7 46. Bd3 Bc8 47. Ba6 Bd7 48. Bb7 Bb5 49. a6 Bc4 50. Bg2 Bb5 1/2-1/2


[Site "https://www.chess.com"]

[Event "Titled Tuesday Blitz June 29 2021"]
[White "GianmarcoVaR"]
[Black "Sharpchess22"]
[WhiteElo "2692"]
[BlackElo "2869"]
[Result "1-0"]
[Round "11"]
[TimeControl "180+1"]
[Date "2021.06.29"]
[WhiteClock "0:00:05"]
[BlackClock "0:00:01"]

1. e4 e5 2. Nf3 Nc6 3. Bc4 Bc5 4. O-O Nf6 5. d3 d6 6. c3 h6 7. Nbd2 O-O 8. h3 a6 9. Bb3 Kh8 10. Re1 Nh7 11. Nf1 f5 12. exf5 Bxf5 13. Ng3 Bg6 14. Be3 Bxe3 15. Rxe3 Qf6 16. Qd2 Ng5 17. d4 exd4 18. Nxd4 Nxd4 19. cxd4 Qf4 20. Rd1 c6 21. Re7 Qh4 22. Rde1 b5 23. Bc2 Bxc2 24. Qxc2 Qxd4 25. Nf5 Qf6 26. Nxg7 Rf7 27. Nh5 Qxe7 28. Rxe7 Rxe7 29. Qxc6 Rd8 30. Qc3+ Kg8 31. Qf6 Rdd7 32. Qg6+ 1-0


[Site "https://www.chess.com"]

[Event "Titled Tuesday Blitz June 29 2021"]
[White "GigaQuparadze"]
[Black "ChessLover0108"]
[WhiteElo "2974"]
[BlackElo "2865"]
[Result "1-0"]
[Round "11"]
[TimeControl "180+1"]
[Date "2021.06.29"]
[WhiteClock "0:02:04"]
[BlackClock "0:00:09"]

1. e4 c5 2. Nf3 d6 3. d4 cxd4 4. Nxd4 Nf6 5. Nc3 a6 6. Be2 e5 7. Nb3 Be7 8. O-O O-O 9. Kh1 Nc6 10. f4 exf4 11. Bxf4 Be6 12. Qe1 b5 13. Rd1 Qc7 14. Qg3 Ne5 15. a3 Rfe8 16. Nd4 Rad8 17. Bg5 Kh8 18. Nf5 Bxf5 19. Rxf5 Ng6 20. Bd3 Qc8 21. Rdf1 Rf8 22. Qh3 Ne5 23. Bxf6 Bxf6 24. Nd5 Rg8 25. Qxh7+ Kxh7 26. Rh5+ 1-0


[Site "https://www.chess.com"]

[Event "Titled Tuesday Blitz June 29 2021"]
[White "GrafLermontov"]
[Black "olksuna"]
[WhiteElo "2497"]
[BlackElo "2626"]
[Result "1-0"]
[Round "11"]
[TimeControl "180+1"]
[Date "2021.06.29"]
[WhiteClock "0:00:04"]
[BlackClock "0:00:03"]

1. e4 c5 2. Be2 d5 3. d3 Nf6 4. e5 Nfd7 5. f4 e6 6. Nf3 Be7 7. O-O O-O 8. Qe1 Nc6 9. c3 b5 10. Kh1 b4 11. Qg3 f5 12. exf6 Bxf6 13. Be3 Rb8 14. Nbd2 bxc3 15. bxc3 Bxc3 16. Rac1 Bf6 17. Ng5 Qe7 18. Bg4 Bxg5 19. fxg5 Rxf1+ 20. Rxf1 Ba6 21. h4 Bxd3 22. Rf2 c4 23. Qc7 Rf8 24. Qxc6 Rxf2 25. Bxf2 Kf7 26. Nf3 Be4 27. Bd4 h6 28. Ne5+ Nxe5 29. Bxe5 hxg5 30. h5 a5 31. Kh2 a4 32. Qc8 Bf5 33. Bxf5 exf5 34. Qxf5+ Kg8 35. Bd4 Qd6+ 36. Kh3 Qc6 37. Qxg5 Qc7 38. Qxd5+ Kh7 39. Qf5+ Kg8 40. Qe6+ Kh7 41. Qg6+ Kg8 42. Qe8+ Kh7 43. h6 Kxh6 44. Qh8+ Kg6 45. Qe8+ Kh7 46. Qe4+ Kg8 47. Bc3 Qd7+ 48. Kh2 Qd6+ 49. Be5 Qh6+ 50. Kg3 Qg5+ 51. Kf3 Qh5+ 52. g4 Qh1+ 53. Kf4 Qh2+ 54. Kg5 Qh6+ 55. Kf5 Qh3 56. Qxc4+ Kh7 57. Ke6 a3 58. Qe4+ Kg8 59. Qf5 Qe3 60. Qf7+ 1-0


[Site "https://www.chess.com"]

[Event "Titled Tuesday Blitz June 29 2021"]
[White "GregShahade"]
[Black "Iball95"]
[WhiteElo "2733"]
[BlackElo "2629"]
[Result "1/2-1/2"]
[Round "11"]
[TimeControl "180+1"]
[Date "2021.06.29"]
[WhiteClock "0:00:06"]
[BlackClock "0:00:08"]

1. e4 c5 2. Nf3 Nc6 3. d4 cxd4 4. Nxd4 g6 5. c4 Nf6 6. Nc3 d6 7. f3 Nxd4 8. Qxd4 Bg7 9. Be3 O-O 10. Qd2 Be6 11. Rc1 Qa5 12. b3 Rfc8 13. Bd3 a6 14. Ne2 Qxd2+ 15. Kxd2 b5 16. Nd4 b4 17. c5 dxc5 18. Nxe6 fxe6 19. Rxc5 Rd8 20. Ke2 Nd7 21. Rc7 Be5 22. Rc6 Bd6 23. f4 e5 24. g3 a5 25. h4 a4 26. h5 Kg7 27. Kf3 axb3 28. axb3 Rf8 29. Rc2 exf4 30. gxf4 Ne5+ 31. Ke2 Nxd3 32. Kxd3 Bxf4 33. hxg6 Bxe3 34. Kxe3 hxg6 35. Rc4 Rab8 36. Rg1 Rb7 37. e5 Rf5 38. Ke4 Rb6 39. Rc2 Rh5 40. Rcg2 Kf7 41. Rg4 Re6 42. Rg5 Rxg5 43. Rxg5 Rb6 44. Kd5 Rb8 45. Ke4 Rb5 46. Rg1 Rb6 47. Rg4 Kg7 48. Kd5 Rb5+ 49. Ke6 Rb7 50. Rd4 g5 51. Rg4 Kg6 52. Rg1 Rc7 53. Rg4 Ra7 54. Rg3 Kh5 55. Kf5 e6+ 56. Kf6 g4 57. Kxe6 Kh4 58. Rg1 g3 59. Kd6 Kh3 60. e6 Kh2 61. Rd1 g2 62. e7 Ra6+ 63. Kd7 Ra7+ 64. Kd6 Ra6+ 65. Kd7 Ra7+ 66. Kd6 1/2-1/2


[Site "https://www.chess.com"]

[Event "Titled Tuesday Blitz June 29 2021"]
[White "Grischuk"]
[Black "wonderfultime"]
[WhiteElo "3069"]
[BlackElo "2876"]
[Result "0-1"]
[Round "11"]
[TimeControl "180+1"]
[Date "2021.06.29"]
[WhiteClock "0:00:03"]
[BlackClock "0:00:22"]

1. e4 c5 2. Nc3 Nc6 3. Bb5 Nd4 4. Nf3 e6 5. O-O a6 6. Bd3 Nc6 7. Be2 Nd4 8. Bd3 Nc6 9. b3 g6 10. Re1 d6 11. Bb2 Bg7 12. Na4 e5 13. Nc3 Nge7 14. a4 O-O 15. Bc4 Nd4 16. Nxd4 cxd4 17. Nd5 Nc6 18. c3 Be6 19. cxd4 exd4 20. d3 Rb8 21. Rc1 Re8 22. h3 Kh8 23. Nf4 Bh6 24. Ne2 Bxc1 25. Qxc1 Qf6 26. Nxd4 Nxd4 27. Qc3 b5 28. axb5 axb5 29. Qxd4 Qxd4 30. Bxd4+ Kg8 31. Bxe6 fxe6 32. f4 Ra8 0-1


[Site "https://www.chess.com"]

[Event "Titled Tuesday Blitz June 29 2021"]
[White "HackingKid98"]
[Black "InitiatingASC"]
[WhiteElo "2525"]
[BlackElo "2334"]
[Result "1-0"]
[Round "11"]
[TimeControl "180+1"]
[Date "2021.06.29"]
[WhiteClock "0:00:16"]
[BlackClock "0:00:03"]

1. a3 a6 2. h3 h6 3. b4 b5 4. Bb2 Bb7 5. d3 d6 6. Nd2 Nd7 7. Ngf3 Ngf6 8. e4 e5 9. g3 g6 10. Bg2 Bg7 11. O-O O-O 12. Nh2 Nh5 13. Qe2 Qe7 14. Rae1 a5 15. c3 c5 16. d4 axb4 17. axb4 Ra2 18. Nb3 cxb4 19. cxb4 exd4 20. Nc1 Rxb2 21. Qxb2 Nb6 22. Nd3 Nc4 23. Qe2 Kh7 24. g4 Nf6 25. f4 Ne3 26. e5 Ne4 27. Rf3 Nc3 28. Qf2 Nxg2 29. Kxg2 dxe5 30. fxe5 Ra8 31. Qxd4 Ra2+ 32. Kg3 Qc7 33. Rf2 Rxf2 34. Kxf2 Qc6 35. Ke3 Nd5+ 36. Kd2 Nc7 37. Rc1 Qg2+ 38. Qf2 Ne6 39. Qxg2 Bxg2 40. Ne1 Bxe5 41. Nxg2 Bxh2 42. Ne3 Bf4 43. Kd3 1-0


[Site "https://www.chess.com"]

[Event "Titled Tuesday Blitz June 29 2021"]
[White "Joker_Smile888"]
[Black "yobdc"]
[WhiteElo "2450"]
[BlackElo "2578"]
[Result "1-0"]
[Round "11"]
[TimeControl "180+1"]
[Date "2021.06.29"]
[WhiteClock "0:00:09"]
[BlackClock "0:00:01"]

1. e4 c5 2. Nf3 d6 3. c3 Nf6 4. Be2 Nbd7 5. Qc2 b6 6. d4 e6 7. Bf4 Bb7 8. Nbd2 Be7 9. O-O cxd4 10. cxd4 Rc8 11. Qd3 O-O 12. Rac1 Rxc1 13. Rxc1 Qa8 14. e5 dxe5 15. dxe5 Nd5 16. Bg3 Rc8 17. Rxc8+ Qxc8 18. Qc4 Qxc4 19. Bxc4 Nc5 20. b3 a6 21. a4 Nc3 22. Nd4 N3e4 23. Nxe4 Nxe4 24. Bf4 Bc5 25. Be3 Kf8 26. Kf1 Ke7 27. g3 Nc3 28. a5 Kd7 29. axb6 Bxb6 30. Ke1 Nd5 31. Kd2 Nxe3 32. Kxe3 Bc7 33. f4 Bb6 34. Kd3 g6 35. h4 h5 36. Kc3 Ba5+ 37. Kd3 Be1 38. Ne2 Bf3 39. Bxa6 Bxe2+ 40. Kxe2 Bxg3 41. Kf3 Bxh4 42. Bb5+ Kd8 43. Bc6 Be7 44. Kg3 Bb4 45. Kf3 Ke7 46. Kg3 f6 47. exf6+ Kxf6 48. Be8 Be1+ 49. Kf3 Bd2 50. Kg3 Ke7 51. Bxg6 h4+ 52. Kg4 h3 53. Be4 h2 54. f5 e5 55. Kg3 Bf4+ 56. Kg2 Kf6 57. b4 Bd2 58. b5 Ba5 59. Kxh2 Kg5 60. Kg3 Bb6 61. Kf3 Kf6 62. Bd3 Bd4 63. Ke4 Ke7 64. Kd5 Kd7 65. f6 Bc3 66. Bg6 e4 67. f7 Bg7 68. Bxe4 Bf8 69. b6 Kc8 70. Kc6 Kb8 71. Kd7 Bc5 72. Ke8 1-0


[Site "https://www.chess.com"]

[Event "Titled Tuesday Blitz June 29 2021"]
[White "JosefineHeinemann"]
[Black "Kale36"]
[WhiteElo "2493"]
[BlackElo "2368"]
[Result "1-0"]
[Round "11"]
[TimeControl "180+1"]
[Date "2021.06.29"]
[WhiteClock "0:00:18"]
[BlackClock "0:00:01"]

1. Nf3 Nc6 2. e4 d6 3. d4 g6 4. Nc3 Bg7 5. Be2 e5 6. Be3 Nf6 7. h3 O-O 8. O-O Re8 9. d5 Ne7 10. a4 Nh5 11. Qd2 f5 12. Bg5 f4 13. a5 a6 14. Ne1 Bf6 15. Bxf6 Nxf6 16. f3 g5 17. Na4 h5 18. c4 g4 19. fxg4 hxg4 20. hxg4 Bxg4 21. Nd3 Ng6 22. Bxg4 Nxg4 23. Rf3 Qg5 24. c5 Nh4 25. Rg3 Re7 26. Nf2 Rg7 27. Rxg4 Qxg4 28. Nxg4 Rxg4 29. Qf2 Kf7 30. cxd6 cxd6 31. Ra3 Rag8 32. g3 Rxg3+ 33. Rxg3 Rxg3+ 34. Kh1 Rh3+ 35. Kg1 Rg3+ 36. Kh2 Nf3+ 37. Kh1 Nh4 38. Nc3 Rh3+ 39. Kg1 Rg3+ 40. Kh2 Nf3+ 41. Kh1 Nh4 42. Ne2 Re3 43. Qxh4 f3 44. Ng3 Re1+ 45. Kh2 f2 46. Qh5+ Ke7 47. Qf3 1-0


[Site "https://www.chess.com"]

[Event "Titled Tuesday Blitz June 29 2021"]
[White "Khamrakulov_Djurabek"]
[Black "Neftegor"]
[WhiteElo "2792"]
[BlackElo "2548"]
[Result "1/2-1/2"]
[Round "11"]
[TimeControl "180+1"]
[Date "2021.06.29"]
[WhiteClock "0:00:07"]
[BlackClock "0:00:19"]

1. e4 e6 2. d4 d5 3. Bd3 dxe4 4. Bxe4 Nf6 5. Bf3 c5 6. Ne2 Nc6 7. Be3 cxd4 8. Nxd4 Ne5 9. Nc3 a6 10. O-O Qc7 11. Bf4 Bd6 12. Ndb5 axb5 13. Nxb5 Nxf3+ 14. Qxf3 Bxf4 15. Nxc7+ Bxc7 16. Qc3 Bd6 17. Rfd1 Ke7 18. Rxd6 Kxd6 19. Qg3+ Ke7 20. Qxg7 Rg8 21. Qh6 Bd7 22. Qh4 Rg4 23. Qh6 Bc6 24. g3 Rag8 25. Qe3 Nd5 26. Qc5+ Kf6 27. a4 h5 28. a5 Ne7 29. Qxh5 Nf5 30. c3 Rh4 31. Qxh4+ Nxh4 32. a6 bxa6 33. Rxa6 Bf3 34. Ra4 e5 35. h3 Nf5 36. Ra6+ Ke7 37. Ra7+ Ke6 38. Kh2 Rd8 39. g4 Ne7 40. Ra6+ Kd7 41. Rf6 Bd5 42. h4 Rg8 43. Kg3 Be6 44. f3 Nd5 45. Rh6 Ke7 46. g5 Ne3 47. Rh7 Nf5+ 48. Kf2 Rd8 49. Ke1 Bc4 50. h5 Ke6 51. g6 fxg6 52. hxg6 Kf6 53. Rc7 Be6 54. Rc6 Rg8 55. b4 Rxg6 56. b5 Rg2 57. c4 Ke7 58. b6 Rb2 59. Rc7+ Kd6 60. c5+ Kd5 61. b7 Nd4 62. c6 Nxc6 63. Kd1 Kc5 64. Kc1 Rb6 65. Kc2 Bc4 66. Kc3 Bd5 67. Kd3 Kd6 68. Rc8 Nb4+ 69. Ke3 Rxb7 70. f4 Re7 71. fxe5+ Rxe5+ 72. Kd2 Re4 73. Rd8+ Kc5 74. Rc8+ Nc6 75. Rh8 Rb4 76. Rh3 Ne5 77. Rc3+ Kd4 78. Rc7 Rb2+ 79. Kc1 Rb3 80. Rc2 Nc4 81. Rh2 Re3 82. Rg2 Kc3 83. Rc2+ Kd3 84. Kd1 Re1+ 85. Kxe1 Kxc2 86. Kf2 Kd3 87. Kg3 Ke4 88. Kg4 Ne3+ 89. Kg5 Ke5 90. Kg6 Nf5 91. Kg5 Bf7 92. Kg4 Nd4 93. Kg5 Nf3+ 94. Kg4 Ke4 95. Kg3 Ne5 96. Kh4 Kf4 97. Kh3 Ng4 98. Kg2 Bg6 99. Kh3 Bd3 100. Kh4 Bg6 101. Kh3 Kf3 102. Kh4 Kf4 103. Kh3 1/2-1/2


[Site "https://www.chess.com"]

[Event "Titled Tuesday Blitz June 29 2021"]
[White "Kildepiotr"]
[Black "elindisguise"]
[WhiteElo "2576"]
[BlackElo "2437"]
[Result "1-0"]
[Round "11"]
[TimeControl "180+1"]
[Date "2021.06.29"]
[WhiteClock "0:01:53"]
[BlackClock "0:00:54"]

1. Nf3 d5 2. g3 c6 3. Bg2 Bg4 4. O-O Nd7 5. d3 e6 6. Nbd2 Ngf6 7. e4 Bc5 8. h3 Bxf3 9. Qxf3 O-O 10. Qe2 e5 11. Nb3 Bd6 12. Bg5 Re8 13. a4 h6 14. Bd2 Qc7 15. a5 b6 16. axb6 axb6 17. Bc3 d4 18. Bd2 Qb7 19. f4 Rxa1 20. Rxa1 Ra8 21. Rf1 Ra2 22. Bc1 c5 23. Nd2 b5 24. Nf3 Qc7 25. fxe5 Nxe5 26. Nh4 Ra1 27. Bxh6 Rxf1+ 28. Qxf1 Nh5 29. Bf4 c4 30. Nf5 c3 31. Nxd6 Qxd6 32. b3 Qe7 33. Kh2 Nxf4 34. gxf4 Nxd3 35. Qxd3 Qd6 36. e5 Qg6 37. Qxg6 fxg6 38. Be4 Kf7 39. b4 Ke7 40. Bxg6 Ke6 41. Be4 g5 42. Kg3 gxf4+ 43. Kxf4 Kf7 44. Bd3 Kg7 45. Bxb5 1-0


[Site "https://www.chess.com"]

[Event "Titled Tuesday Blitz June 29 2021"]
[White "LileKoridze"]
[Black "Omk124"]
[WhiteElo "2391"]
[BlackElo "2526"]
[Result "0-1"]
[Round "11"]
[TimeControl "180+1"]
[Date "2021.06.29"]
[WhiteClock "0:01:03"]
[BlackClock "0:01:10"]

1. d4 Nf6 2. c4 g6 3. Nc3 d5 4. Nf3 Bg7 5. Bg5 Ne4 6. cxd5 Nxg5 7. Nxg5 e6 8. Qd2 exd5 9. Qe3+ Kf8 10. Qf4 Bf6 11. h4 h6 12. Nf3 Kg7 13. e4 dxe4 14. Nxe4 Re8 15. Bd3 Nc6 16. O-O Nxd4 17. Nxd4 Qxd4 18. Rad1 Be5 19. Qf3 Qxb2 20. Bc4 Bf6 21. Rd2 Qe5 22. Re2 Qf5 23. Qd3 Be6 24. Bb5 c6 25. Ba4 Rad8 26. Qc2 Bxh4 27. Qb2+ Bf6 28. Qxb7 Bd5 29. Nd6 Qg4 30. f3 Rxe2 31. fxg4 Rxg2+ 32. Kh1 Rb2+ 33. Kg1 Bd4+ 34. Rf2 0-1


[Site "https://www.chess.com"]

[Event "Titled Tuesday Blitz June 29 2021"]
[White "MFBerna"]
[Black "GelmanAlexander"]
[WhiteElo "2429"]
[BlackElo "2569"]
[Result "0-1"]
[Round "11"]
[TimeControl "180+1"]
[Date "2021.06.29"]
[WhiteClock "0:00:04"]
[BlackClock "0:00:07"]

1. e4 c5 2. Nf3 e6 3. d4 cxd4 4. Nxd4 a6 5. Nc3 b5 6. Bd3 Bb7 7. O-O Nc6 8. Nxc6 Bxc6 9. Re1 Bc5 10. Be3 Qb6 11. Nd5 Bxd5 12. exd5 Nf6 13. dxe6 dxe6 14. Qf3 O-O 15. Rad1 Rad8 16. h3 Bxe3 17. Rxe3 h6 18. Rde1 Rd5 19. Re5 Rfd8 20. Rxd5 Rxd5 21. Qe3 Qc7 22. a3 Rd8 23. Qf3 Qb6 24. Qe3 Qd6 25. Qe5 Qxe5 26. Rxe5 Nd7 27. Re3 Nc5 28. Kf1 Kf8 29. Ke2 Ke7 30. Rg3 g5 31. h4 f6 32. hxg5 hxg5 33. Rh3 Kd6 34. b4 Na4 35. Rh7 Ke5 36. Ke3 Nc3 37. Ra7 Rd6 38. g3 g4 39. Ra8 f5 40. Rc8 Nb1 41. a4 bxa4 42. Rc5+ Kf6 43. c4 Nc3 44. Ra5 e5 45. c5 Rd8 46. Rxa6+ Kg5 47. Bc4 f4+ 48. gxf4+ exf4# 0-1


[Site "https://www.chess.com"]